Match 47200201
Unlisted

Match 47200201
End
Royal Engineer Section
Selects Australian Defense Battlegroup
Selects Australian Light Infantry Section
Australian Light Infantry Section
Australian Light Infantry Section
Vickers Machine Gun Team
Construct Section Command Post
Selects Defensive Tactics
Selects 2-pounder Anti-tank Gun Team
Construct Field Infirmary
Construct Platoon Command Post
2-pounder Anti-tank Gun Team
Selects CMP 15cwt Supply Run
Humber Armored Car
Humber Armored Car
2-pounder Anti-tank Gun Team
Bootyquake
ssume
0
0

Comments sign in to comment!

No comments posted yet!